 Dungeon Crawl Stone Soup version 0.28-a0-317-g21599a725c (webtiles) character file.

Game seed: 2765233489441744300

1309 McIrco the Slicer (level 8, -2/49 HPs)
             Began as a Kobold Berserker on Sept 1, 2021.
             Was a Priest of Trog.
             Slain by an eight-headed hydra (10 damage)
             ... on level 7 of the Dungeon.
             The game lasted 00:05:58 (6882 turns).

McIrco the Slicer (Kobold Berserker)                Turns: 6882, Time: 00:05:59

Health: -2/49      AC: 13    Str: 15    XL:     8   Next: 88%
Magic:  8/8        EV:  7    Int:  9    God:    Trog [***...]
Gold:   277        SH:  5    Dex: 15    Spells: 7/7 levels left

rFire   . . .      SeeInvis .   a - +1 short sword
rCold   + . .      Faith    .   (shield restricted)
rNeg    . . .      Spirit   .   r - +2 plate armour "Wemeg" {rPois rC+}
rPois   +          Reflect  +   (no helmet)
rElec   .          Harm     .   (no cloak)
rCorr   .          Rampage  .   (no gloves)
Will    .....                   (no boots)
Stlth   ..........              c - amulet of reflection
HPRegen 0.16/turn               (no ring)
MPRegen 0.11/turn               (no ring)

@: silenced, on berserk cooldown, slowed, very slow
A: small, no large weapons, nightstalker 3
a: Renounce Religion


You were on level 7 of the Dungeon.
You worshipped Trog.
Trog was most pleased with you.
You visited 1 branch of the dungeon, and saw 7 of its levels.

You collected 277 gold pieces.

Inventory:

Hand Weapons
 a - a +1 short sword (weapon)
Armour
 b - a +0 animal skin
 r - the +2 plate armour "Wemeg" (worn) {rPois rC+}
   (You took it off a goblin on level 4 of the Dungeon)

   rC:        It protects you from cold.
   rPois:     It protects you from poison.
Jewellery
 c - an amulet of reflection (around neck)
 e - a ring of ice
 q - an amulet of magic regeneration
 v - a ring of flight
Wands
 y - a wand of polymorph (8)
Scrolls
 f - a scroll of enchant weapon
 i - 2 scrolls of holy word {unknown}
 j - 5 scrolls of identify {unknown}
 k - a scroll of enchant armour {unknown}
 m - a scroll of magic mapping {unknown}
 n - a scroll of immolation
 u - a scroll of blinking {unknown}
 w - a scroll of amnesia {unknown}
 x - a scroll of teleportation {unknown}
Potions
 d - a potion of flight
 g - 2 potions of invisibility {unknown}
 l - a potion of resistance {unknown}
 o - 3 potions of cancellation {unknown}
 p - a potion of haste {unknown}
 s - a potion of might {unknown}
 t - a potion of attraction {unknown}


   Skills:
 + Level 5.1 Fighting
 + Level 8.4 Short Blades
 * Level 4.1 Armour
 + Level 3.8 Dodging
 - Level 7.0 Stealth
 + Level 1.4 Shields


You had 7 spell levels left.
You didn't know any spells.
Your spell library was empty.

Dungeon Overview and Level Annotations

Branches:
Dungeon (7/15)             Temple (0/1) D:6

Altars:
Ashenzari
Cheibriados
Kikubaaqudgha
Wu Jian
Xom
Yredelemnul


Innate Abilities, Weirdness & Mutations

You are small and have problems with some larger weapons.
You are completely attuned to the shadows.


Message History

The eight-headed hydra completely misses you.
The eight-headed hydra bites you. x2
The eight-headed hydra barely misses you.
The eight-headed hydra bites you!
The eight-headed hydra closely misses you.
The eight-headed hydra bites you.
The eight-headed hydra bites you but does no damage.
You barely miss the eight-headed hydra.
The eight-headed hydra is lightly wounded.
Your plate armour "Wemeg" prevents you from hitting the eight-headed hydra.
The eight-headed hydra is lightly wounded.
The eight-headed hydra bites you!
The eight-headed hydra bites you but does no damage. x4
The eight-headed hydra bites you.
You block the eight-headed hydra's attack.
The eight-headed hydra bites you.
You are too injured to fight recklessly!
Unknown command.
You are too injured to fight recklessly!
Unknown command.
You are too injured to fight recklessly!
Unknown command.
You are too berserk!
Unknown command.
Unknown command.
You feel a strong urge to attack something.
You feel your anger nearly subside.
You are no longer berserk.
You are exhausted.
You feel yourself slow down.
As you read the scroll labelled CUHUGAIPHUS, it crumbles to dust.
It is a scroll of enchant weapon.
Your +0 short sword glows red for a moment.
As you read the scroll labelled YZXI HOCUA, it crumbles to dust.
A profound silence engulfs you.
It was a scroll of silence.
The eight-headed hydra bites you. The eight-headed hydra bites you!
* * * LOW HITPOINT WARNING * * *
The eight-headed hydra bites you but does no damage.
The eight-headed hydra barely misses you. x2
The eight-headed hydra bites you!
You die...

.... ....
....
.#####....
..........
######.##...
#..@D.......
#.####.#....
#.##<#†#...
#.##.#.# ..
#.##.#.#
#.##.#.#
#....#
######


You could see an eight-headed hydra.

Vanquished Creatures
  A water moccasin (D:6)
  A necrophage (D:7)
  3 ogres
  A phantom (D:5)
  2 scorpions
  A water moccasin zombie (D:6)
  A jelly (D:6)
  2 centaur skeletons (D:4)
  2 hounds (D:5)
  2 bullfrog skeletons
  3 iguanas
  3 orc wizards (D:5)
  A mummy (D:3)
  4 gnolls (D:6)
  A howler monkey skeleton (D:6)
  9 adders
  4 ufetubi (D:5)
  2 adder skeletons (D:4)
  A worm (D:3)
  A dart slug (D:4)
  11 orcs
  5 ball pythons
  7 endoplasms
  2 giant cockroaches
  4 goblins
  9 hobgoblins
  9 jackals
  4 quokkas
  3 bats
  6 frilled lizards
  8 kobolds
  7 rats
120 creatures vanquished.

Vanquished Creatures (others)
  A necrophage (D:6)
  An ogre (D:6)
  2 centaurs (D:6)
  A bullfrog (D:6)
  A gnoll sergeant (D:6)
  An adder (D:6)
  An ufetubus (D:6)
  An orc (D:6)
  2 fungi (D:5)
11 creatures vanquished.

Grand Total: 131 creatures vanquished

Notes
Turn   | Place    | Note
-------+----------+-------------------------------------------
     0 | D:1      | McIrco the Kobold Berserker began the quest for the Orb.
     0 | D:1      | Reached XP level 1. HP: 14/14 MP: 1/1
    46 | D:1      | Found a faded altar of an unknown god.
    73 | D:1      | Reached XP level 2. HP: 14/19 MP: 2/2
   323 | D:1      | You fall into a shaft and drop 1 floor!
   399 | D:2      | Reached skill level 1 in Stealth
   544 | D:2      | Found an ancient bone altar of Kikubaaqudgha.
   564 | D:2      | Reached XP level 3. HP: 24/24 MP: 3/3
  1484 | D:1      | Reached ** piety under Trog
  1608 | D:1      | Reached XP level 4. HP: 23/29 MP: 4/4
  2295 | D:3      | Reached skill level 5 in Short Blades
  2674 | D:3      | Reached XP level 5. HP: 33/33 MP: 5/5
  2741 | D:3      | Found an ornate altar of the Wu Jian Council.
  3046 | D:3      | Found a snail-covered altar of Cheibriados.
  3341 | D:4      | Reached skill level 5 in Stealth
  3341 | D:4      | Reached XP level 6. HP: 33/38 MP: 6/6
  3626 | D:4      | Found a broken altar of Ashenzari.
  3630 | D:4      | Noticed an ogre
  3635 | D:4      | Killed an ogre
  3884 | D:4      | Identified the +2 plate armour "Wemeg" {rPois rC+}
  3894 | D:4      | Reached XP level 7. HP: 44/44 MP: 7/7
  4462 | D:4      | Found a basalt altar of Yredelemnul.
  4515 | D:4      | Reached skill level 6 in Short Blades
  4584 | D:5      | Entered Level 5 of the Dungeon
  4612 | D:5      | Reached *** piety under Trog
  4672 | D:5      | Reached skill level 1 in Shields
  4990 | D:5      | Found an ancient bone altar of Kikubaaqudgha.
  5090 | D:5      | Reached XP level 8. HP: 37/48 MP: 8/8
  5235 | D:5      | Reached skill level 7 in Short Blades
  5868 | D:6      | Reached skill level 5 in Fighting
  5945 | D:6      | Found a shimmering altar of Xom.
  6657 | D:6      | Reached skill level 8 in Short Blades
  6678 | D:6      | Found a staircase to the Ecumenical Temple.
  6869 | D:7      | Noticed an eight-headed hydra
  6882 | D:7      | Slain by an eight-headed hydra

Illustrated notes

Levels and vault maps discovered:
D:1:      beargit_arrival_greenhouse, layout_basic,
          hellmonk_ecumenical_altar_blasted
D:2:      layout_loops_ring, basic_altar
D:3:      layout_loops_cross, chei_slow_surprise,
          mainiacjoe_overflow_surrounded_room
D:4:      layout_loops_ring, lemuel_coloured_pillars_altar,
          mainiacjoe_overflow_chevrons
D:5:      layout_cave_pools, mainiacjoe_overflow_tiny_flanked, serial_park,
          serial_park_fountain, serial_park_square1
          [serial_park_minivault_5x5_6]
D:6:      layout_rooms, xom_confusion_cloud, temple_green
D:7:      layout_basic, nicolae_gozag_zags_fifth_avenue

Skill      XL: |  1  2  3  4  5  6  7  8 |
---------------+-------------------------+-----
Stealth        | 1 2 3 5 6 7 |  7.0
Short Blades   | 5 6 8 |  8.4
Fighting       | 4 5 |  5.1
Dodging        | 3 |  3.8
Armour         | 2 4 |  4.1
Shields        | 1 |  1.4

Action                   |  1- 3 |  4- 6 |  7- 9 || total
-------------------------+-------+-------+-------++-------
Melee: Short sword       |    82 |    92 |   288 ||   462
Invok: Berserk           |     3 |     8 |    10 ||    21
  Use: Potion            |       |     1 |       ||     1
       Scroll            |       |       |     2 ||     2
 Stab: Sleeping          |    12 |    23 |     7 ||    42
       Distracted        |       |     1 |       ||     1
Armor: Animal skin       |     7 |     8 |     1 ||    16
       Plate armour      |       |       |   119 ||   119
Dodge: Dodged            |    45 |    35 |   100 ||   180
Block: Other             |     9 |    16 |    51 ||    76

Table legend: (Time is in decaauts)
 A = Elapsed time spent in this place.
 B = Non-inter-level travel time spent in this place.
 C = Inter-level travel time spent in this place.
 D = Time resting spent in this place.
 E = Time spent auto-exploring this place.
 F = Levels seen in this place.
 G = Mean time per level.
                   A        B        C        D        E       F      G
               +--------+--------+--------+--------+--------+-----+--------+
         Total |   6998 |   6797 |    201 |   1265 |   4699 |   7 |  999.7 |
       Dungeon |   6998 |   6797 |    201 |   1265 |   4699 |   7 |  999.7 |
               +--------+--------+--------+--------+--------+-----+--------+

Top non-repeatable levels by time:
     D:4: 1347 daAuts
     D:1: 1313 daAuts
     D:5: 1176 daAuts
     D:6: 1097 daAuts
     D:3: 1077 daAuts
     D:2: 942 daAuts
     D:7: 42 daAuts
